 Dungeon Crawl Stone Soup version 0.28-a0-991-g956f0ee3d5 (webtiles) character file.

Game seed: 2863130810046540012

48617 oldriver the Thaumaturge (level 14, 0/116 HPs)
             Began as a Red Draconian Conjurer on Dec 4, 2021.
             Was a High Priest of Vehumet.
             Slain by a dire elephant (3 damage)
             ... on level 6 of the Lair of Beasts on Dec 5, 2021.
             The game lasted 00:55:04 (26528 turns).

oldriver the Thaumaturge (Red Draconian Conjurer)  Turns: 26528, Time: 00:55:05

Health: 0/116      AC: 10    Str: 10    XL:     14   Next: 12%
Magic:  21/32      EV: 12    Int: 30    God:    Vehumet [*****.]
Gold:   1100       SH:  4    Dex:  9    Spells: 12/42 levels left

rFire   + + .      SeeInvis .   E - staff of fire
rCold   . . .      Faith    +   t - +0 buckler
rNeg    . . .      Spirit   .   (armour unavailable)
rPois   .          Reflect  .   (helmet restricted)
rElec   .          Harm     .   D - +0 cloak
rCorr   .          Rampage  .   (no gloves)
Will    +....                   m - +0 pair of boots
Stlth   +.........              b - amulet of faith
HPRegen 0.29/turn               v - +6 ring of intelligence
MPRegen 0.23/turn               x - ring of wizardry

@: marked, slowed, very slow
A: breathe fire, AC +8, unfitting armour, fire resistance 1, cold-blooded
a: Breathe Fire, Renounce Religion


You were on level 6 of the Lair of Beasts.
You worshipped Vehumet.
Vehumet was extremely pleased with you.
You visited 3 branches of the dungeon, and saw 18 of its levels.
You also visited: Sewer.

You collected 1100 gold pieces.

Inventory:

Hand Weapons
 u - a +5 scythe of freezing
Armour
 m - a +0 pair of boots (worn)
 t - a +0 buckler (worn)
 D - a +0 cloak (worn)
 H - a scarf of harm
Magical Staves
 E - a staff of fire (weapon)
Jewellery
 b - an amulet of faith (around neck)
 e - an amulet of regeneration
 q - a ring of see invisible
 v - a +6 ring of intelligence (left hand)
 x - a ring of wizardry (right hand)
Wands
 h - a wand of paralysis (2)
 w - a wand of mindburst (18)
 y - a wand of polymorph (10)
 C - a wand of acid (10)
Scrolls
 a - 8 scrolls of teleportation
 g - a scroll of fog
 i - 6 scrolls of amnesia
 k - 4 scrolls of enchant armour
 r - a scroll of blinking {unknown}
 F - 5 scrolls of identify
Potions
 c - 5 potions of brilliance
 d - 5 potions of curing
 f - 3 potions of attraction
 l - a potion of invisibility
 n - a potion of might
 o - 2 potions of cancellation
 p - 4 potions of haste
 s - 5 potions of mutation
 z - 2 potions of heal wounds
 A - a potion of lignification
 B - a potion of ambrosia
 G - 3 potions of flight


   Skills:
 * Level 8.8 Fighting
 + Level 0.2 Staves
 + Level 4.4 Dodging
 + Level 3.9 Stealth
 - Level 4.0 Shields
 - Level 0.4 Unarmed Combat
 * Level 14.8 Spellcasting
 * Level 12.1 Conjurations
 + Level 4.1 Translocations
 + Level 1.6 Transmutations
 * Level 10.5 Fire Magic
 - Level 0.5 Air Magic
 - Level 5.0 Poison Magic


You had 12 spell levels left.
You knew the following spells:

 Your Spells              Type           Power      Damage    Failure   Level
a - Fireball              Conj/Fire      47%        3d19      1%          5
b - Searing Ray           Conj           100%       2d8       0%          2
c - Iskenderun's Mystic   Conj/Tloc      63%        2d13      1%          4
d - Iskenderun's Battles  Conj           76%        2d12      1%          5
e - Orb of Destruction    Conj           38%        9d13      1%          7
f - Ignite Poison         Fire/Tmut/Pois 71%        N/A       1%          3
g - Magic Dart            Conj           100%       1d8       0%          1
h - Mephitic Cloud        Conj/Pois/Air  55%        N/A       1%          3

Your spell library contained the following spells:

 Spells                   Type           Power      Damage    Failure   Level
 Starburst                Conj/Fire      47%        6d13      1%          6
 Slow                     Hex            88%        N/A       1%          1
 Summon Small Mammal      Summ           88%        N/A       1%          1
 Dazzling Flash           Conj/Hex       100%       N/A       1%          3
 Gell's Gravitas          Tloc           47%        N/A       1%          3
 Teleport Other           Tloc           47%        N/A       1%          3
 Fulminant Prism          Conj/Hex       27%        3d14      1%          4
 Freezing Cloud           Conj/Ice/Air   23%        6-21      1%          5
 Call Canine Familiar     Summ           22%        N/A       2%          3
 Confusing Touch          Hex            22%        N/A       2%          3
 Ozocubu's Armour         Ice            22%        N/A       2%          3
 Summon Guardian Golem    Hex/Summ       22%        N/A       2%          3
 Vampiric Draining        Necr           22%        2d7       2%          3
 Yara's Violent Unravell  Hex/Tmut       13%        3d7       4%          5
 Lee's Rapid Deconstruct  Erth           11%        3d9*      7%          5
 Summon Lightning Spire   Summ/Air       23%        N/A       8%          4
 Silence                  Hex/Air        11%        N/A       21%         5
 Agony                    Necr           22%        N/A       24%         5
 Dispersal                Tloc           23%        N/A       24%         6
 Ozocubu's Refrigeration  Ice            11%        4d7       80%         7
 Storm Form               Tmut/Air       14%        N/A       98%         7
 Maxwell's Capacitive Co  Air            12%        ∞         100%        8


Dungeon Overview and Level Annotations

Branches:
Dungeon (11/15)            Temple (1/1) D:4            Lair (6/6) D:10
  Swamp (0/4) Lair:3        Snake (0/4) Lair:4          Orc (0/2) D:10
  Sewer (visited)
  Slime: Lair:5-6

Altars:
Ashenzari
Cheibriados
Dithmenos
Elyvilon
Fedhas
Gozag
Hepliaklqana
Kikubaaqudgha
Makhleb
Nemelex Xobeh
Okawaru
Qazlal
Ru
Sif Muna
Trog
Uskayaw
Vehumet
Wu Jian
Xom
Yredelemnul
Zin
The Shining One
Beogh

Shops:
D:4 *   D:6 *   D:9 !

Annotations:
D:11 Psyche


Innate Abilities, Weirdness & Mutations

You can breathe blasts of fire.
Your fiery red scales are hard. (AC +8)
You cannot fit into any form of body armour.
Your flesh is heat resistant. (rF+)
You are cold-blooded and may be slowed by cold attacks.


Message History

The mystic blast hits the yak!
The yak is moderately wounded.
The yak is knocked back by the mystic blast.
The yak slams into the stone wall!
The yak is heavily wounded.
The mystic blast hits the blink frog!!
The blink frog is heavily wounded.
The blink frog is knocked back by the mystic blast.
The mystic blast hits the blink frog!
The blink frog is heavily wounded.
The blink frog is knocked back by the mystic blast.
The blink frog slams into the rock wall!
The blink frog is severely wounded.
The mystic blast hits the elephant!
The elephant is almost dead.
The mystic blast hits the black mamba!!
You kill the black mamba!
Vehumet accepts your kill.
You feel your power returning.
The mystic blast hits the elephant!
The elephant is severely wounded.
The elephant is knocked back by the mystic blast.
The mystic blast hits the blink frog!!
You kill the blink frog!
Vehumet accepts your kill.
The mystic blast hits the dire elephant!
The dire elephant is heavily wounded.
The mystic blast hits the elephant!
The elephant is almost dead.
The mystic blast hits the elephant!
The elephant is heavily wounded.
The mystic blast hits the water moccasin!
You kill the water moccasin!
Vehumet accepts your kill. The elephant tramples you!
* * * LOW HITPOINT WARNING * * *
You stumble backwards!
Splash!
The elephant tramples you but does no damage.
The elephant barely misses you. The dire elephant tramples you.
You die...

≈≈≈≈≈≈≈≈≈ ≈.#≈#.≈
≈..≈Y.
#####†#≈.########≈
≈≈≈≈.≈≈≈.h≈≈≈≈≈≈≈≈P≈
≈≈≈≈≈≈F#≈YD≈≈≈≈≈ l≈≈
##≈≈YY≈Y##≈≈# ≈≈#
≈≈≈≈≈†Y#†YY#.P##≈≈##.
..†..YY..Y@≈≈..≈≈...≈
...#≈†FF.....w....≈≈.
#. #≈#...<.††.....# F
#≈##....†.l<...## ##
#...F.......#
#............#
###..........#
#...........#
#.....}.....##


You could see a dire elephant, 9 elephants, a torpor snail, a polar bear, a
komodo dragon, a yak, a cane toad and 3 blink frogs.

Vanquished Creatures
  Nessos (Lair:4)
  Snorg (D:11)
  6 hydras
  A boulder beetle (D:11)
  A merfolk avatar (Lair:6)
  2 two-headed ogres (D:11)
  Erica (D:8)
  A death yak (Lair:5)
  A harpy (Lair:6)
  A cyclops (D:10)
  5 elephants
  2 centaur zombies (D:11)
  An ice statue (Lair:4)
  A gargoyle (D:11)
  5 black mambas
  13 cane toads
  6 torpor snails
  Maggie (D:9)
  5 rime drakes
  An unseen horror (D:10)
  A freezing wraith (Lair:4)
  12 komodo dragons
  A troll (D:11)
  2 polar bears
  16 blink frogs
  Prince Ribbit (D:7)
  2 snapping turtles (Lair:6)
  13 dream sheep
  Sigmund (D:6)
  45 yaks
  2 basilisks
  9 wyverns
  2 swamp worms (Lair:3)
  22 water moccasins
  3 orc warriors
  8 ice beasts
  A necrophage (D:6)
  6 black bears
  An ogre (D:6)
  11 wolves
  8 centaurs
  2 phantoms
  6 kobold brigands
  18 bullfrogs
  A wyvern zombie (D:6)
  5 scorpions
  A water moccasin zombie (D:5)
  17 killer bees
  22 wights
  2 electric eels (Lair:1)
  A bullfrog zombie (D:7)
  A gnoll shaman (D:8)
  4 hounds
  2 orc priests
  An iguana (D:7)
  3 orc wizards
  A killer bee zombie (D:7)
  A howler monkey zombie (D:7)
  3 gnolls (D:8)
  A river rat (D:5)
  8 adders
  A shadow imp (D:6)
  4 white imps
  2 ufetubi
  3 adder skeletons
  A worm (D:3)
  2 dart slugs
  26 orcs
  11 ball pythons
  7 endoplasms
  3 giant cockroaches
  9 goblins
  8 hobgoblins
  4 jackals (D:4)
  32 kobolds
  A quokka (D:5)
  12 bats
  15 frilled lizards
  A jackal skeleton (D:4)
  5 rats
470 creatures vanquished.

Vanquished Creatures (collateral kills)
  A killer bee (D:8)
1 creature vanquished.

Vanquished Creatures (others)
  46 fungi
  75 plants
121 creatures vanquished.

Grand Total: 592 creatures vanquished

Notes
Turn   | Place    | Note
-------+----------+-------------------------------------------
     0 | D:1      | oldriver the Draconian Conjurer began the quest for the
                  | Orb.
     0 | D:1      | Reached XP level 1. HP: 14/14 MP: 3/3
   307 | D:1      | Reached XP level 2. HP: 20/20 MP: 1/5
   724 | D:1      | Reached skill level 3 in Spellcasting
  1063 | D:1      | Found a faded altar of an unknown god.
  1228 | D:2      | Reached XP level 3. HP: 26/26 MP: 4/7
  2543 | D:2      | Reached skill level 4 in Spellcasting
  2714 | D:3      | Reached XP level 4. HP: 33/33 MP: 6/10
  2956 | D:3      | Learned a level 2 spell: Searing Ray
  2961 | D:3      | Learned a level 4 spell: Iskenderun's Mystic Blast
  2965 | D:3      | Learned a level 3 spell: Mephitic Cloud
  3471 | D:4      | Found Ruriyq Bifi's Gadget Gallery.
  3532 | D:3      | Reached XP level 5. HP: 36/38 MP: 3/12
  3601 | D:3      | Learned a level 3 spell: Ignite Poison
  3692 | D:4      | Found a staircase to the Ecumenical Temple.
  3721 | Temple   | Entered the Ecumenical Temple
  3783 | Temple   | Became a worshipper of Vehumet
  3848 | D:5      | Entered Level 5 of the Dungeon
  3933 | D:5      | Reached skill level 5 in Spellcasting
  4110 | D:5      | Noticed an orc warrior
  4156 | D:5      | Reached XP level 6. HP: 32/45 MP: 8/14
  4244 | D:5      | Reached skill level 1 in Poison Magic
  4313 | D:5      | Reached skill level 6 in Spellcasting
  4313 | D:5      | Reached skill level 1 in Fire Magic
  4371 | D:5      | Found a glowing drain.
  4375 | Sewer    | Entered a sewer
  4683 | Sewer    | Your scales start taking on a fiery red colour.
  4683 | Sewer    | Reached XP level 7. HP: 29/49 MP: 7/16
  4683 | Sewer    | Gained mutation: Your flesh is heat resistant. (rF+) [Red
                  | Draconian growth]
  4819 | Sewer    | Reached skill level 1 in Fighting
  5371 | D:5      | Reached * piety under Vehumet
  5371 | D:5      | Offered knowledge of Shock by Vehumet.
  5472 | D:5      | Got Japob's Papyrus of Hurtful Creation
  5908 | D:4      | Found an iron altar of Okawaru.
  6679 | D:5      | Reached XP level 8. HP: 60/60 MP: 13/18
  6831 | D:6      | Reached skill level 7 in Spellcasting
  7114 | D:6      | Reached skill level 5 in Conjurations
  7528 | D:6      | Noticed Sigmund
  7533 | D:6      | Killed Sigmund
  7640 | D:6      | Found Zin's Purification Station.
  7643 | D:6      | Found a glowing silver altar of Zin.
  7673 | D:6      | Reached skill level 8 in Spellcasting
  7927 | D:6      | Offered knowledge of Poisonous Vapours by Vehumet.
  8061 | D:6      | Reached ** piety under Vehumet
  8062 | D:6      | Reached XP level 9. HP: 67/67 MP: 14/21
  8722 | D:7      | Noticed Prince Ribbit
  8738 | D:7      | Killed Prince Ribbit
  9906 | D:8      | Reached skill level 9 in Spellcasting
 10104 | D:8      | Offered knowledge of Scorch by Vehumet.
 10461 | D:8      | Noticed Erica
 10471 | D:8      | Killed Erica
 10471 | D:8      | Reached *** piety under Vehumet
 10472 | D:8      | Reached skill level 5 in Fire Magic
 10825 | D:8      | Reached skill level 5 in Poison Magic
 10961 | D:8      | Reached XP level 10. HP: 74/74 MP: 18/23
 11318 | D:8      | Reached skill level 1 in Translocations
 11505 | D:9      | Found Gaobua's Distillery.
 11511 | D:9      | Noticed Maggie
 11512 | D:9      | Paralysed by Maggie for 6 turns
 11521 | D:9      | Paralysed by Maggie for 7 turns
 11537 | D:9      | Killed Maggie
 11819 | D:9      | Reached skill level 10 in Spellcasting
 12303 | D:9      | Reached skill level 1 in Transmutations
 12684 | D:9      | Offered knowledge of Conjure Flame by Vehumet.
 13145 | D:9      | Found a hazy altar of Hepliaklqana.
 13145 | D:9      | Found an opulent altar of Gozag.
 13454 | D:9      | Reached **** piety under Vehumet
 13883 | D:9      | Learned a level 7 spell: Orb of Destruction
 14429 | D:10     | Entered Level 10 of the Dungeon
 14442 | D:10     | Reached skill level 11 in Spellcasting
 14443 | D:10     | Offered knowledge of Fireball by Vehumet.
 14577 | D:9      | Learned a level 5 spell: Fireball
 14623 | D:10     | Reached XP level 11. HP: 85/85 MP: 11/26
 14734 | D:9      | Reached skill level 1 in Shields
 16061 | D:10     | Found a staircase to the Lair.
 16202 | D:10     | Found a staircase to the Orcish Mines.
 16270 | D:11     | Reached skill level 5 in Fighting
 16298 | D:11     | Noticed a boulder beetle
 16449 | D:11     | Noticed a two-headed ogre
 16453 | D:11     | Killed a two-headed ogre
 16457 | D:11     | Noticed Psyche
 16567 | D:11     | Killed a boulder beetle
 16683 | D:11     | Noticed a two-headed ogre
 16926 | D:11     | Noticed Snorg
 16930 | D:11     | Killed Snorg
 16931 | D:11     | Reached skill level 12 in Spellcasting
 17099 | D:11     | Killed a two-headed ogre
 17437 | Lair:1   | Entered Level 1 of the Lair of Beasts
 17932 | Lair:1   | Reached XP level 12. HP: 96/96 MP: 12/28
 17955 | Lair:1   | Reached ***** piety under Vehumet
 17969 | Lair:1   | Offered knowledge of Iskenderun's Battlesphere by Vehumet.
 20110 | Lair:2   | Learned a level 5 spell: Iskenderun's Battlesphere
 20111 | Lair:2   | Reached skill level 10 in Conjurations
 20614 | Lair:2   | Found a snail-covered altar of Cheibriados.
 20712 | Lair:2   | Noticed an eight-headed hydra
 20714 | Lair:2   | Reached skill level 13 in Spellcasting
 20716 | Lair:2   | Killed an eight-headed hydra
 21512 | Lair:3   | Noticed a five-headed hydra
 21627 | Lair:3   | Killed a five-headed hydra
 21891 | Lair:3   | Reached XP level 13. HP: 105/105 MP: 6/30
 22222 | Lair:3   | Offered knowledge of Spellforged Servitor by Vehumet.
 23045 | Lair:3   | Found a staircase to the Swamp.
 23248 | Lair:4   | Noticed Nessos
 23413 | Lair:4   | Killed Nessos
 23414 | Lair:4   | Reached skill level 10 in Fire Magic
 23598 | Lair:4   | Reached skill level 14 in Spellcasting
 23889 | Lair:4   | Found a staircase to the Snake Pit.
 26355 | Lair:6   | Entered Level 6 of the Lair of Beasts
 26517 | Lair:6   | Reached XP level 14. HP: 31/116 MP: 29/32
 26517 | Lair:6   | Offered knowledge of Starburst by Vehumet.
 26528 | Lair:6   | HP: 3/116 [elephant (12)]
 26528 | Lair:6   | Slain by a dire elephant

Illustrated notes

Levels and vault maps discovered:
D:1:      grunt_arrival_crossed_arrows, layout_basic,
          dreamdust_ecumenical_altar_statues
D:2:      layout_loops_ring, serial_aquarium, aquarium_bridge_straight
          [aquarium_subvault_bridge, aquarium_subvault_wall,
          aquarium_subvault_bridge, aquarium_subvault_wall],
          aquarium_bridge_straight [aquarium_subvault_bridge,
          aquarium_subvault_wall, aquarium_subvault_bridge,
          aquarium_subvault_wall], aquarium_window_corner,
          aquarium_window_double, aquarium_window_1, aquarium_window_2,
          aquarium_view_2c, aquarium_view_2a, minmay_lizard_pond
D:3:      layout_basic, chequers_serial_rivers_small_a
D:4:      layout_rooms, okawaru_altar_gauntlet_db,
          minmay_temple_entry_offerings, nicolae_shop_gadgets
D:5:      layout_loops_corners, gup_sewer_entry_bowl, minmay_strange_pillars,
          chequers_serial_rivers_large_b, hangedman_decor_slide_cut, hex_medium
D:6:      layout_basic, zin_purify, uniq_sigmund
D:7:      layout_cave_pods, uniq_prince_ribbit1
D:8:      layout_gridville, uniq_erica
D:9:      nicolae_whirlpool, layout_loops_ring, gammafunk_temple_overflow_pools,
          serial_shops, nicolae_stop_n_shop_2, special_room [special_room_orc],
          uniq_maggie
D:10:     layout_gridville, minmay_lair_entry_grove, orc_0_dummy
D:11:     layout_cave_pools, uniq_snorg, uniq_psyche
Temple:   mainiacjoe_temple_coin_purse
Lair:1:   layout_cave_pods, beast_lair_carwin_11, serial_bayou_shore_a,
          lemuel_fruit_fields, grunt_megastairs_3
Lair:2:   layout_cave_pods, kennysheep_snail_temple
Lair:3:   layout_loops_ring, palyth_hydra_swamp_entry
Lair:4:   layout_layer_cave, dummy_snake_entry, minmay_stone_trees_small,
          ice2_lemuel, uniq_nessos
Lair:5:   layout_roguey, beast_lair_carwin_1, grunt_megastairs_4
Lair:6:   gammafunk_lair_ancient_temple, layout_long_grid,
          dpeg_slime_entry_corner

Skill      XL: |  1  2  3  4  5  6  7  8  9 10 11 12 13 14 |
---------------+-------------------------------------------+-----
Spellcasting   | 3 4 5 6 8 9 11 12 13 14 | 14.8
Dodging        | 2 3 4 |  4.4
Poison Magic   | 1 2 3 5 |  5.0
Stealth        | 2 3 |  3.9
Fire Magic     | 1 2 4 5 7 9 10 | 10.5
Fighting       | 1 2 4 6 7 8 |  8.8
Conjurations   | 5 6 7 9 10 11 12 | 12.1
Translocations | 2 3 4 |  4.1
Transmutations | 1 |  1.6
Shields        | 3 4 |  4.0
Staves         | |  0.2
Unarmed Combat | |  0.4
Air Magic      | |  0.5

Action                   |  1- 3 |  4- 6 |  7- 9 | 10-12 | 13-15 || total
-------------------------+-------+-------+-------+-------+-------++-------
Melee: Unarmed           |     6 |    25 |       |       |       ||    31
       Tailslap          |     1 |     2 |     1 |       |       ||     4
       Whip              |       |       |     9 |       |       ||     9
       Scythe            |       |       |     5 |    20 |       ||    25
       Staff             |       |       |       |     7 |     5 ||    12
 Cast: Magic Dart        |    97 |    53 |   159 |   220 |   164 ||   693
       Searing Ray       |       |    22 |    52 |    33 |     4 ||   111
       Mephitic Cloud    |       |       |    16 |    29 |       ||    45
       Ignite Poison     |       |       |     9 |    17 |       ||    26
       Iskenderun's Myst |       |       |     1 |    62 |    49 ||   112
       Fireball          |       |       |       |   102 |    29 ||   131
       Iskenderun's Batt |       |       |       |     8 |    34 ||    42
 Abil: Breathe Fire      |       |       |       |       |     1 ||     1
  Use: Scroll            |       |     5 |    10 |     8 |     2 ||    25
       Potion            |       |       |       |     2 |     4 ||     6
Armor: Skin              |     7 |    33 |    52 |    90 |    22 ||   204
Dodge: Dodged            |     9 |    72 |    69 |   116 |    41 ||   307
Block: Buckler           |       |       |       |    17 |    13 ||    30

Table legend: (Time is in decaauts)
 A = Elapsed time spent in this place.
 B = Non-inter-level travel time spent in this place.
 C = Inter-level travel time spent in this place.
 D = Time resting spent in this place.
 E = Time spent auto-exploring this place.
 F = Levels seen in this place.
 G = Mean time per level.
                   A        B        C        D        E       F      G
               +--------+--------+--------+--------+--------+-----+--------+
         Total |  26721 |  25606 |   1115 |   8901 |  13296 |  19 | 1406.4 |
       Dungeon |  16849 |  15860 |    989 |   5786 |   7907 |  11 | 1531.7 |
        Temple |     89 |     80 |      9 |      0 |     55 |   1 |   89.0 |
          Lair |   8950 |   8833 |    117 |   2766 |   5009 |   6 | 1491.7 |
         Sewer |    832 |    832 |      0 |    349 |    324 |   1 |  832.0 |
               +--------+--------+--------+--------+--------+-----+--------+

Top non-repeatable levels by time:
     D:9: 3248 daAuts
  Lair:1: 2089 daAuts
  Lair:2: 2026 daAuts
  Lair:3: 1911 daAuts
    D:10: 1896 daAuts
     D:8: 1876 daAuts
     D:6: 1701 daAuts
  Lair:5: 1645 daAuts
     D:5: 1568 daAuts
     D:2: 1460 daAuts
     D:7: 1420 daAuts
  Lair:4: 1228 daAuts
     D:1: 1225 daAuts
     D:4: 949 daAuts
   Sewer: 832 daAuts
